 Dungeon Crawl Stone Soup version 0.26-b1-32-g5d43845318 (webtiles) character file.

Game seed: 14332770592241635397

88 Borgoz the Cudgeller (level 4, 0/27 HPs)
             Began as a Gargoyle Gladiator on Jan 11, 2021.
             Slain by a bat (1 damage)
             ... on level 3 of the Dungeon.
             The game lasted 00:02:37 (2175 turns).

Borgoz the Cudgeller (Gargoyle Gladiator)           Turns: 2175, Time: 00:02:38

Health: 0/27       AC:  7    Str: 17    XL:     4   Next: 54%
Magic:  0/4        EV: 10    Int:  9    God:
Gold:   98         SH:  0    Dex: 12    Spells: 3/3 levels left

rFire    + . .     SeeInvis .   a - +1 flail
rCold    + . .     Faith    .   (no shield)
rNeg     + . .     Spirit   +   j - +0 scale mail
rPois    ∞         Reflect  .   c - +0 helmet
rElec    +         Harm     .   (no cloak)
rCorr    +         Rampage  .   (no gloves)
Will     .....                  (no boots)
Stlth    ..........             q - amulet of guardian spirit
HPRegen  0.09/turn              b - +4 ring of slaying
MPRegen  0.09/turn              l - -4 ring of protection (curse)

@: mighty, resistant, flying, hasted, very quick
A: negative energy resistance 1, electricity resistance, unbreathing,
petrification resistance, miasma immunity, AC +3
a: no special abilities


You were on level 3 of the Dungeon.
You visited 1 branch of the dungeon, and saw 3 of its levels.

You collected 98 gold pieces.

Inventory:

Hand Weapons
 a - a +1 flail (weapon)
Missiles
 d - 3 throwing nets (quivered)
Armour
 c - a +0 helmet (worn)
 j - a +0 scale mail (worn)
Jewellery
 b - a +4 ring of slaying (left hand)
 l - a cursed -4 ring of protection (right hand)
 n - an uncursed ring of protection from fire
 q - an amulet of guardian spirit (around neck)
Scrolls
 e - 2 scrolls of fear {unknown}
 f - a scroll of enchant weapon
 g - 2 scrolls of teleportation
 h - 2 scrolls of identify {unknown}
 i - a scroll of enchant armour {unknown}
 m - 3 scrolls of remove curse {unknown}
 r - a scroll of magic mapping
Potions
 p - a potion of cancellation


   Skills:
 + Level 2.8 Fighting
 * Level 3.8 Maces & Flails
 - Level 1.7 Throwing
 + Level 1.4 Armour
 * Level 3.1 Dodging


You had 3 spell levels left.
You didn't know any spells.
Your spell library contained the following spells:

 Spells                   Type           Power        Failure   Level
 Animate Skeleton         Necr           0%           80%         1
 Apportation              Tloc           0%           80%         1
 Corona                   Hex            0%           80%         1
 Summon Small Mammal      Summ           0%           80%         1


Dungeon Overview and Level Annotations

Branches:
Dungeon (3/15)

Altars:
Kikubaaqudgha
Makhleb
Ru
Trog
The Shining One


Innate Abilities, Weirdness & Mutations

You are resistant to torment.
Your stone body is resilient. (AC +3)
You are immune to poison.
You resist negative energy. (rN+)
You are resistant to electric shocks. (rElec)
You can survive without breathing.
You are immune to petrification.
You are immune to miasma.


Message History

You bump into the rock wall.
Something hits you but does no damage.
You hear some strange, mumbled words.
A puff of frost appears from out of thin air!
The puff of frost misses you.
You bump into the rock wall.
You hear some strange, mumbled words.
A magic dart appears from out of thin air!
The magic dart hits you but does no damage.
You bump into the rock wall.
You feel less confused. The bat misses you.
You hear some strange, mumbled words.
A puff of frost appears from out of thin air!
The puff of frost hits you. You resist.
* * * LOW HITPOINT WARNING * * *
You bludgeon something!!
Reactivating autopickup.
You feel a bit more experienced. The bat hits you.
You die...

#.# #...# #.##### #...#
###### #.#...# #...#
#....#######.#...# ##.##
#####†##......(((#...#####.
......#########(........#.
####### #..†(.).......
#.#..b†.....# #.##@#)..####
# #.)...# ###...# ##.## ..#
..# ..# #.#


You could see a bat.

Vanquished Creatures
  An orc wizard (D:3)
  2 adders (D:2)
  An ooze (D:1)
  2 worms (D:3)
  4 leopard geckos
  2 orcs (D:3)
  4 goblins
  6 hobgoblins
  7 jackals
  A ball python (D:1)
  10 bats
  2 frilled lizards (D:1)
  8 kobolds
  5 rats
55 creatures vanquished.

Notes
Turn   | Place    | Note
-------+----------+-------------------------------------------
     0 | D:1      | Borgoz the Gargoyle Gladiator began the quest for the Orb.
     0 | D:1      | Reached XP level 1. HP: 12/12 MP: 1/1
   177 | D:1      | Reached XP level 2. HP: 15/17 MP: 2/2
   738 | D:1      | Reached XP level 3. HP: 22/22 MP: 3/3
  1176 | D:2      | Reached skill level 1 in Armour
  1262 | D:2      | Found a bloodstained altar of Trog.
  1461 | D:2      | Reached XP level 4. HP: 21/27 MP: 4/4
  1636 | D:2      | Found an ancient bone altar of Kikubaaqudgha.
  1638 | D:2      | Found a burning altar of Makhleb.
  1640 | D:2      | Found a glowing golden altar of the Shining One.
  1641 | D:2      | Found a sacrificial altar of Ru.
  2174 | D:3      | HP: 1/27 [something/puff of frost (3)]
  2175 | D:3      | Slain by a bat

Illustrated notes

Levels and vault maps discovered:
D:1:      minmay_arrival_floating_metal, layout_loops_ring
D:2:      layout_basic, minitemple
D:3:      layout_loops_cross

Skill      XL: |  1  2  3 |
---------------+----------+-----
Armour         | 1 |  1.4
Dodging        | 3 |  3.1
Fighting       | |  2.8
Maces & Flails | |  3.8
Throwing       | |  1.7

Action                   |  1- 3 |  4- 6 || total
-------------------------+-------+-------++-------
Melee: Flail             |   138 |    49 ||   187
  Use: Scroll            |     5 |       ||     5
       Potion            |       |     5 ||     5
Armor: Leather armour    |    33 |       ||    33
       Scale mail        |    39 |    38 ||    77
Dodge: Dodged            |   120 |    53 ||   173
